 Dungeon Crawl Stone Soup version 0.28-a0-1184-g53156a8862 (webtiles) character file.

Game seed: 4040216582559017254

2172 septik the Cleaver (level 9, -3/105 HPs)
             Began as a Minotaur Berserker on Dec 17, 2021.
             Was a Believer of Trog.
             Slain by a two-headed ogre (16 damage)
             ... on level 7 of the Dungeon.
             The game lasted 00:06:54 (6422 turns).

septik the Cleaver (Minotaur Berserker)             Turns: 6422, Time: 00:06:55

Health: -3/105     AC:  8    Str: 25    XL:     9   Next: 11%
Magic:  8/8        EV:  7    Int:  4    God:    Trog [**....]
Gold:   333        SH:  9    Dex: 11    Spells: 8/8 levels left

rFire   . . .      SeeInvis .   m - +0 war axe
rCold   . . .      Faith    .   g - +0 kite shield
rNeg    . . .      Spirit   .   u - +0 chain mail
rPois   .          Reflect  .   (helmet restricted)
rElec   .          Harm     .   (no cloak)
rCorr   .          Rampage  .   (no gloves)
Will    .....                   (no boots)
Stlth   ..........              (no amulet)
HPRegen 0.27/turn               (no ring)
MPRegen 0.11/turn               (no ring)

@: berserking, very quick
A: horns 2, retaliatory headbutt
a: Renounce Religion, Berserk, Trog's Hand


You were on level 7 of the Dungeon.
You worshipped Trog.
Trog was pleased with you.
You visited 1 branch of the dungeon, and saw 7 of its levels.

You collected 369 gold pieces.
You spent 36 gold pieces at shops.

Inventory:

Hand Weapons
 a - a +0 hand axe
 m - a +0 war axe (weapon)
Missiles
 p - 232 stones (quivered)
 w - 4 poisoned darts
Armour
 g - a +0 kite shield (worn)
 u - a +0 chain mail (worn)
Jewellery
 o - a ring of fire
Wands
 r - a wand of iceblast (12)
 t - a wand of paralysis (12)
Scrolls
 b - a scroll of summoning {unknown}
 d - a scroll of blinking {unknown}
 f - 2 scrolls of teleportation
 h - 5 scrolls of identify {unknown}
 k - a scroll of enchant weapon {unknown}
 n - 2 scrolls of vulnerability {unknown}
 q - 2 scrolls of enchant armour {unknown}
 v - a scroll of silence {unknown}
Potions
 c - a potion of invisibility {unknown}
 e - a potion of attraction {unknown}
 i - a potion of heal wounds
 j - 5 potions of brilliance {unknown}
 l - 3 potions of haste {unknown}
 s - 3 potions of degeneration {unknown}


   Skills:
 - Level 3.6 Fighting
 + Level 13.0 Axes
 - Level 2.4 Armour
 - Level 2.1 Dodging
 + Level 6.7 Shields


You had 8 spell levels left.
You didn't know any spells.
Your spell library was empty.

Dungeon Overview and Level Annotations

Branches:
Dungeon (7/15)             Temple (0/1) D:6

Altars:
Ru

Shops:
D:5 *

Annotations:
D:7 3 runed translucent doors, Ibis19's ghost, novice MiBe


Innate Abilities, Weirdness & Mutations

You have a pair of horns on your head.
You reflexively headbutt those who attack you in melee.


Message History

Ibis19's ghost turns its malevolent gaze towards you.
Found a glowing quarterstaff.
No target in view!
No target in view!
No target in view!
An ogre comes into view. It is wielding a +0 giant club.
The ogre shouts!
The ogre moves out of view.
You see here a scroll labelled VINWO GOOSI.
An ogre is nearby!
You hit the ogre. You headbutt the ogre!
The ogre is moderately wounded.
The ogre hits you with a +0 giant club!!
A two-headed ogre comes into view.
It is wielding a +0 giant club and a +0 dire flail.
The two-headed ogre shouts in stereo!
You hit the ogre.
The ogre is heavily wounded.
The ogre hits you with a +0 giant club!!
You are too injured to fight recklessly!
Unknown command.
A red film seems to cover your vision as you go berserk!
You feel yourself moving faster!
You feel mighty!
The ogre hits you with a +0 giant club!!
* * * LOW HITPOINT WARNING * * *
You are too injured to fight recklessly!
You are too injured to fight recklessly!
Unknown command.
You are too injured to fight recklessly!
You are too injured to fight recklessly!
Unknown command.
You slice the ogre!!
You kill the ogre!
Trog accepts your kill.
Your Axes skill increases to level 13!
You slash the two-headed ogre!
The two-headed ogre is moderately wounded.
You slice the two-headed ogre!! You headbutt the two-headed ogre!
The two-headed ogre is almost dead.
The two-headed ogre hits you with a +0 giant club!
You die...

...... # #..... # #.
#.... .. #.##. #.$.
... ...... #..######
#.#...##..#.....
......O...#s.# #..#..
#@..#{)###..+..#
##?.#W=.....+..#
.######..#s(###..+..##
.........#g.###s.#...#
######...#.....s.#...#
#...#########...##
#.................
#...............##
#.#.#.#####..####


You could see a two-headed ogre, a gnoll shaman, 2 scorpions and Ibis19's ghost.

Vanquished Creatures
  Grinder (D:5)
  Edmund (D:6)
  Duvessa (D:5)
  2 sky beasts
  A black bear (D:5)
  2 ogres
  3 centaurs
  A kobold brigand (D:5)
  A wyvern zombie (D:5)
  3 scorpions
  Blork the orc (D:5)
  Dowan (D:5)
  A howler monkey (D:6)
  2 bullfrog zombies
  5 hounds
  A centaur skeleton (D:6)
  A centaur zombie (D:6)
  2 orc priests
  Crazy Yiuf (D:5)
  4 iguanas
  An orc wizard (D:4)
  4 adders
  2 shadow imps
  An ufetubus (D:5)
  A worm (D:2)
  The ghost of p0werm0de the Sneak, a weakling DsDe (D:5)
  2 dart slugs (D:3)
  10 orcs
  5 bats
  2 endoplasms
  4 giant cockroaches
  3 hobgoblins
  6 jackals
  12 kobolds
  2 quokkas
  8 ball pythons
  2 frilled lizards (D:1)
  9 goblins
  4 rats
114 creatures vanquished.

Vanquished Creatures (others)
  3 plants (D:3)
3 creatures vanquished.

Grand Total: 117 creatures vanquished

Notes
Turn   | Place    | Note
-------+----------+-------------------------------------------
     0 | D:1      | septik the Minotaur Berserker began the quest for the Orb.
     0 | D:1      | Reached XP level 1. HP: 19/19 MP: 0/0
    93 | D:1      | Reached skill level 4 in Axes
    97 | D:1      | Reached XP level 2. HP: 26/26 MP: 1/1
   261 | D:1      | Found a faded altar of an unknown god.
   822 | D:2      | Reached skill level 5 in Axes
   901 | D:2      | Reached XP level 3. HP: 23/31 MP: 2/2
   907 | D:2      | Reached ** piety under Trog
  1792 | D:3      | Reached XP level 4. HP: 24/39 MP: 3/3
  2207 | D:3      | Reached skill level 6 in Axes
  2982 | D:4      | Reached skill level 1 in Shields
  2982 | D:4      | Reached XP level 5. HP: 45/45 MP: 4/4
  2989 | D:4      | Reached skill level 7 in Axes
  3376 | D:4      | Reached XP level 6. HP: 51/51 MP: 5/5
  3555 | D:5      | Entered Level 5 of the Dungeon
  3555 | D:5      | Found Vufohex's General Store.
  3561 | D:5      | Bought a scroll of teleportation for 36 gold pieces
  3563 | D:5      | Noticed Grinder
  3573 | D:5      | Killed Grinder
  3574 | D:5      | Reached skill level 8 in Axes
  3578 | D:5      | Reached XP level 7. HP: 57/57 MP: 6/6
  3644 | D:5      | Reached skill level 9 in Axes
  3721 | D:5      | Noticed Blork the orc
  3729 | D:5      | Killed Blork the orc
  3959 | D:5      | Found a transporter.
  3963 | D:5      | Noticed p0werm0de's ghost (weakling DsDe)
  3980 | D:5      | Found a transporter.
  4020 | D:5      | Found a sacrificial altar of Ru.
  4035 | D:5      | Reached skill level 10 in Axes
  4132 | D:5      | Noticed Duvessa
  4132 | D:5      | Noticed Dowan
  4137 | D:5      | Killed Dowan
  4139 | D:5      | Killed Duvessa
  4140 | D:5      | Reached XP level 8. HP: 64/64 MP: 7/7
  4352 | D:5      | Reached skill level 5 in Shields
  4703 | D:5      | Found a runed translucent door.
  4704 | D:5      | Noticed Crazy Yiuf
  4970 | D:5      | Killed Crazy Yiuf
  5055 | D:5      | Killed p0werm0de's ghost
  5058 | D:5      | Reached skill level 11 in Axes
  5109 | D:6      | Noticed Edmund
  5122 | D:6      | Killed Edmund
  5379 | D:6      | Reached skill level 12 in Axes
  5530 | D:6      | Found a staircase to the Ecumenical Temple.
  5575 | D:6      | Reached *** piety under Trog
  6091 | D:7      | Reached XP level 9. HP: 41/70 MP: 8/8
  6388 | D:7      | Found a runed translucent gate.
  6389 | D:7      | Found a runed translucent gate.
  6389 | D:7      | Found a runed translucent gate.
  6389 | D:7      | Noticed Ibis19's ghost (novice MiBe)
  6417 | D:7      | Noticed a two-headed ogre
  6421 | D:7      | Reached skill level 13 in Axes
  6422 | D:7      | Slain by a two-headed ogre

Illustrated notes

Levels and vault maps discovered:
D:1:      tarquinn_simple_flora_water_c, layout_rooms,
          hellmonk_ecumenical_altar_inner_sanctum, nicolae_figureground_sparkle
D:2:      layout_rooms
D:3:      layout_loops_ring, st_stairs_8, hex_large, serial_bayou_pond_d
D:4:      layout_basic
D:5:      layout_basic, mainiacjoe_overflow_paths, serial_shops,
          nicolae_stop_n_shop_2, gammafunk_ghost_arena, uniq_crazy_yiuf_cottage,
          uniq_grinder, uniq_duvessa, uniq_blork_the_orc
D:6:      layout_cave_pools, minmay_temple_entry_mist, uniq_edmund
D:7:      layout_basic, gammafunk_ghost_split

Skill      XL: |  1  2  3  4  5  6  7  8  9 |
---------------+----------------------------+-----
Axes           | 4 5 6 7 8 10 12 13 | 13.0
Shields        | 1 2 3 4 6 |  6.7
Fighting       | |  3.6
Armour         | |  2.4
Dodging        | |  2.1

Action                   |  1- 3 |  4- 6 |  7- 9 || total
-------------------------+-------+-------+-------++-------
Melee: Hand axe          |    84 |    71 |    43 ||   198
       Headbutt          |    13 |    11 |    37 ||    61
       War axe           |       |       |   106 ||   106
Invok: Berserk           |     1 |     3 |     6 ||    10
       Trog's Hand       |       |     2 |     1 ||     3
  Use: Potion            |       |       |     1 ||     1
 Stab: Sleeping          |     1 |       |       ||     1
Armor: Animal skin       |    11 |     4 |       ||    15
       Scale mail        |       |    14 |       ||    14
       Chain mail        |       |     6 |    74 ||    80
Dodge: Dodged            |    44 |    20 |    43 ||   107
Block: Kite shield       |    13 |    36 |    70 ||   119

Table legend: (Time is in decaauts)
 A = Elapsed time spent in this place.
 B = Non-inter-level travel time spent in this place.
 C = Inter-level travel time spent in this place.
 D = Time resting spent in this place.
 E = Time spent auto-exploring this place.
 F = Levels seen in this place.
 G = Mean time per level.
                   A        B        C        D        E       F      G
               +--------+--------+--------+--------+--------+-----+--------+
         Total |   6559 |   6240 |    319 |    703 |   4706 |   7 |  937.0 |
       Dungeon |   6559 |   6240 |    319 |    703 |   4706 |   7 |  937.0 |
               +--------+--------+--------+--------+--------+-----+--------+

Top non-repeatable levels by time:
     D:5: 1860 daAuts
     D:4: 1070 daAuts
     D:1: 870 daAuts
     D:2: 849 daAuts
     D:3: 830 daAuts
     D:6: 740 daAuts
     D:7: 337 daAuts
